 Dungeon Crawl Stone Soup version 0.16.1-30-g34a7ffa (webtiles) character file.

450 ztt the Magician (level 6, 0/32 HPs)
             Began as a Deep Elf Wizard on June 19, 2015.
             Was an Initiate of Sif Muna.
             Slain by an iguana (4 damage)
             ... on level 5 of the Dungeon.
             The game lasted 00:20:16 (5541 turns).

ztt the Magician (Deep Elf Wizard)                  Turns: 5541, Time: 00:20:16

Health: 0/32       AC:  4    Str:  4    XL:     6   Next: 74%
Magic:  10/24      EV: 13    Int: 25    God:    Sif Muna [......]
Gold:   249        SH:  0    Dex: 13    Spells: 5 memorised, 10 levels left

rFire  . . .     SeeInvis .     h - +1 dagger
rCold  . . .     Clarity  .     a - +0 robe
rNeg   . . .     SustAb   .     (no shield)
rPois  .         Gourm    .     b - +0 hat
rElec  .         Spirit   .     (no cloak)
rCorr  .         Warding  .     f - +1 pair of gloves
rMut   +         Stasis   .     (no boots)
MR     +....                    n - amulet of resist mutation
Stlth  +++.......               (no ring)
                                (no ring)

@: somewhat resistant to hostile enchantments, fairly stealthy
A: magic resistance 1
a: Renounce Religion


You were on level 5 of the Dungeon.
You worshipped Sif Muna.
Sif Muna was noncommittal.
You were not hungry.

You visited 2 branches of the dungeon, and saw 6 of its levels.

You collected 249 gold pieces.

Inventory:

Hand weapons
 h - a +1 dagger (weapon)
Armour
 a - a +0 robe (worn)
 b - a +0 hat (worn)
 f - a +1 pair of gloves (worn)
Jewellery
 m - an uncursed ring of teleportation
 n - an amulet of resist mutation (around neck)
Scrolls
 k - 2 scrolls of identify
 l - a scroll of recharging
Potions
 e - a potion of restore abilities
 i - 2 potions of brilliance
 j - a potion of curing {unknown}
 o - a potion of resistance
Books
 c - a book of Minor Magic

   Spells                             Type                      Level
   a - Magic Dart                     Conjuration                  1
   b - Blink                          Translocation                2
   c - Call Imp                       Summoning                    2
   d - Repel Missiles                 Charms/Air                   2
   e - Slow                           Hexes                        2
   f - Conjure Flame                  Conjuration/Fire             3
   g - Mephitic Cloud                 Conjuration/Poison/Air       3
Comestibles
 d - a bread ration


   Skills:
 + Level 3.2 Dodging
 * Level 4.5 Stealth
 + Level 7.9 Spellcasting
 + Level 3.2 Conjurations
 + Level 2.0 Summonings
 + Level 1.3 Translocations


You had 10 spell levels left.
You knew the following spells:

 Your Spells              Type           Power        Failure   Level  Hunger
a - Magic Dart            Conj           ####         1%          1    None
b - Blink                 Tloc           N/A          8%          2    None
c - Call Imp              Summ           ###.....     4%          2    None
d - Repel Missiles        Chrm/Air       #.....       12%         2    None
e - Conjure Flame         Conj/Fire      ###.....     12%         3    None


Dungeon Overview and Level Annotations

Branches:
Dungeon (5/15)             Temple (1/1) D:4

Altars:
Cheibriados
Elyvilon
Fedhas
Gozag
Kikubaaqudgha
Makhleb
Nemelex Xobeh
Okawaru
Qazlal
Sif Muna
Trog
Xom
Yredelemnul
The Shining One


Innate Abilities, Weirdness & Mutations

You are resistant to hostile enchantments.


Message History

Confirm with . or Enter, or press ? or * to list all spells.
Aiming: Magic Dart
Press: ? - help, Shift-Dir - straight line, f/p - iguana
Aim: an iguana (severely wounded)
The magic dart hits the iguana.
The iguana is severely wounded.
The iguana bites you!
* * * LOW HITPOINT WARNING * * *
Your crimson imp blinks!
Your crimson imp hits the iguana.
Unknown command.
Casting: Magic Dart
Confirm with . or Enter, or press ? or * to list all spells.
Aiming: Magic Dart
Press: ? - help, Shift-Dir - straight line, f/p - iguana
Aim: an iguana (almost dead)
The magic dart hits the iguana.
The iguana is almost dead.
The iguana bites you.
You die...

....###....# #........# ####
#....# #........# .###
##....#####........# .....
..................#
......##...#####........##
.o.................5....>########
......##...#####...[.....##.....#
..... #.....[ยง.....)....##.....#
.... #......5l@.##..)..##.....#
... #......5...##.##..##.....#
.... #..........##.##..#......o
..... #....########..#..#.......
..... #....# ##.#..#.......
......##....# #.#..........
..(......5..# #.#.#######.#
:...........## ######.#.## #.....
##...........# #.........###.#.#.


You could see an iguana and 3 friendly crimson imps.

Vanquished Creatures
  A sky beast (D:5)
  A scorpion (D:4)
  2 hounds (D:4)
  A worker ant (D:4)
  Jessica (D:3)
  A hound skeleton (D:4)
  5 adders
  A gnoll (D:2)
  3 worms
  2 giant geckos
  4 orcs
  3 ball pythons
  8 bats
  2 bat skeletons
  3 giant cockroaches
  12 goblins
  8 hobgoblins
  14 kobolds
  3 quokkas (D:4)
  9 giant newts
  12 rats
96 creatures vanquished.

Vanquished Creatures (collateral kills)
  An orc wizard (D:5)
  A worker ant (D:4)
  2 adders
  4 gnolls (D:2)
  2 orcs
  A bat (D:4)
11 creatures vanquished.

Vanquished Creatures (others)
  A crimson imp (D:4)
  A shadow imp (D:2)
  A white imp (D:4)
3 creatures vanquished.

Grand Total: 110 creatures vanquished

Notes
Turn   | Place    | Note
--------------------------------------------------------------
     0 | D:1      | ztt, the Deep Elf Wizard, began the quest for the Orb.
     0 | D:1      | Reached XP level 1. HP: 10/10 MP: 6/6
   234 | D:1      | Reached skill level 5 in Spellcasting
   239 | D:1      | Reached XP level 2. HP: 15/15 MP: 2/11
   243 | D:1      | Learned a level 2 spell: Blink
   246 | D:1      | Learned a level 2 spell: Call Imp
   249 | D:1      | Learned a level 2 spell: Repel Missiles
   952 | D:2      | Reached XP level 3. HP: 19/19 MP: 12/14
  1380 | D:2      | Reached skill level 6 in Spellcasting
  1597 | D:2      | Reached XP level 4. HP: 24/24 MP: 15/18
  1929 | D:3      | Gained mutation: You are resistant to hostile enchantments. [potion of beneficial mutation]
  1965 | D:3      | Found an iron altar of Okawaru.
  2319 | D:3      | Found a stormy altar of Qazlal.
  2374 | D:3      | Noticed Jessica
  2377 | D:3      | Killed Jessica
  2688 | D:3      | Reached XP level 5. HP: 28/28 MP: 17/20
  2693 | D:3      | Learned a level 3 spell: Conjure Flame
  2929 | D:4      | Noticed a phantom
  3003 | D:4      | Found a staircase to the Ecumenical Temple.
  3011 | Temple   | Entered the Ecumenical Temple
  3072 | Temple   | Became a worshipper of Sif Muna the Loreminder
  4003 | D:4      | Found a bloodstained altar of Trog.
  4025 | D:4      | Reached skill level 7 in Spellcasting
  4370 | D:4      | Reached XP level 6. HP: 28/32 MP: 17/23
  4711 | D:4      | Found a blossoming altar of Fedhas.
  4827 | D:4      | Found a basalt altar of Yredelemnul.
  4831 | D:4      | Found an ancient bone altar of Kikubaaqudgha.
  4925 | D:5      | Entered Level 5 of the Dungeon
  5541 | D:5      | Slain by an iguana

Action                   |  1- 3 |  4- 6 || total
-------------------------+-------+-------++-------
Melee: Dagger            |       |     3 ||     3
 Cast: Magic Dart        |   104 |   172 ||   276
       Call Imp          |     3 |    38 ||    41
       Blink             |     2 |     1 ||     3
 Abil: Evoke Teleportati |       |     1 ||     1
  Use: Scroll            |     5 |    12 ||    17
       Potion            |       |     1 ||     1
  Eat: Chunk             |     2 |     3 ||     5
       Beef jerky        |       |     2 ||     2
       Bread ration      |       |     1 ||     1
       Pizza             |       |     1 ||     1
